Patriotes vs Princes
Created - 19 janvier 2013 at 23:36
Goals
|
| Patriotes |
1 |
2 |
2 |
5 |
| Princes |
3 |
3 |
0 |
6 |
|
Shots
|
| Patriotes |
5 |
13 |
13 |
31 |
| Princes |
16 |
9 |
9 |
34 |
|
1st period
1. Patriotes , Andrew Gordon 13 (Fedor Fedorov, Matt Niskanen) at 7:39
2. Princes , David Perron 15 (Brian McGrattan, Noah Welch) at 8:47
3. Princes , Michael Nylander 14 (David Perron) at 17:52 (PP)
4. Princes , Chris Thorburn 9 (Curtis Glencross) at 18:06
Penalties :
Andrew Gordon (Nyc) for Interference (Minor) at 17:40, Brian McGrattan (Cal) for Fighting (Major) at 18:07, Ben Guite (Nyc) for Fighting (Major) at 18:07
2nd period
5. Princes , David Perron 16 (Michael Nylander) at 9:15
6. Patriotes , D.J King 13 (Lauri Tukonen) at 10:17
7. Patriotes , Mario Bliznak 4 (Andrew Gordon) at 15:45
8. Princes , Curtis Glencross 5 (Chris Thorburn) at 16:00
9. Princes , Michael Nylander 15 (Brian McGrattan, Kevin Shattenkirk) at 16:13 (PP)
Penalties :
Sean Zimmerman (Cal) for Hooking (Minor) at 11:47, Ben Guite (Nyc) for Hooking (Minor) at 11:47, Mathieu Perreault (Nyc) for Interference (Minor) at 16:07
3rd period
10. Patriotes , Andrew Gordon 14 (Aaron Ward) at 12:43
11. Patriotes , Andreas Nodl 12 (T.J Galiardi) at 13:33
Penalties :
No Penalty
Goalie Stats
Joey MacDonald (Nyc), 18 saves from 23 shots - (0,783), 36:00 minutes
Leland Irving (Nyc), 10 saves from 11 shots - (0,909), L, 1-4-2, 23:22 minutes
Manny Legace (Cal), 26 saves from 31 shots - (0,839), W, 6-5-1, 60:00 minutes
Players Stats for Patriotes
Player Name G A P +/- PIM S H SB GA TA FO MP PP MP PK MP
------------------------------------------------------------------------------------
A.J Thelen 0 0 0 0 0 1 0 1 0 1 0/0 17:11 0:00 0:00
Aaron Ward 0 1 1 0 0 2 1 4 0 1 0/0 24:13 0:00 0:18
Andreas Nodl 1 0 1 1 0 3 0 0 0 0 0/0 14:53 0:00 0:00
Andrei Zyuzin 0 0 0 0 0 1 1 0 0 1 0/0 16:52 0:00 0:00
Andrew Gordon 2 1 3 3 2 5 3 0 0 2 0/0 21:34 0:00 0:00
Ben Guite 0 0 0 -2 7 5 1 2 2 0 1/5 22:51 0:00 0:18
Brett Skinner 0 0 0 1 0 0 0 1 0 0 0/0 11:53 0:00 0:00
D.J King 1 0 1 -3 0 4 2 1 4 1 2/5 24:48 0:00 0:18
Davis Drewiske 0 0 0 0 0 0 0 0 0 0 0/0 7:22 0:00 0:00
Fedor Fedorov 0 1 1 3 0 2 0 1 0 0 0/0 19:48 0:00 0:00
Jay Harrison 0 0 0 0 0 2 0 0 0 1 0/0 24:01 0:00 0:18
Joe Charlebois 0 0 0 0 0 0 0 0 0 0 0/0 7:22 0:00 0:00
Lauri Tukonen 0 1 1 0 0 0 0 0 0 0 0/2 15:27 0:00 0:00
Mario Bliznak 1 0 1 3 0 1 4 0 0 0 6/18 19:02 0:00 0:00
Mathieu Perreault 0 0 0 -3 2 4 1 0 0 0 9/27 19:15 0:00 0:00
Matt Niskanen 0 1 1 1 0 0 0 0 0 0 0/0 11:53 0:00 0:00
Matt Watkins 0 0 0 0 0 0 0 0 0 0 0/0 0:42 0:00 0:00
T.J Galiardi 0 1 1 1 0 1 2 0 0 0 2/2 18:32 0:00 0:00
Players Stats for Princes
Player Name G A P +/- PIM S H SB GA TA FO MP PP MP PK MP
------------------------------------------------------------------------------------
Alexander Korolyuk 0 0 0 -1 0 2 3 0 0 0 0/0 12:06 0:00 0:00
Anthony Peluso 0 0 0 -1 0 0 3 0 0 1 0/1 9:05 0:00 0:00
Brian McGrattan 0 2 2 0 5 0 1 0 1 0 0/0 17:04 0:18 0:00
Chris Thorburn 1 1 2 1 0 5 2 0 1 0 4/5 19:01 0:00 0:00
Curtis Glencross 1 1 2 1 0 5 0 0 0 1 2/4 20:48 0:00 0:00
David Desharnais 0 0 0 -1 0 1 0 1 0 0 2/3 12:06 0:00 0:00
David Perron 2 1 3 0 0 9 2 0 3 1 1/2 19:18 0:18 0:00
Jason Strudwick 0 0 0 -1 0 0 0 1 0 0 0/0 18:20 0:00 0:00
Jesse Winchester 0 0 0 1 0 0 1 0 1 2 8/11 17:26 0:00 0:00
John Madden 0 0 0 -1 0 1 0 0 0 0 3/5 9:05 0:00 0:00
Kevin Shattenkirk 0 1 1 0 0 3 1 2 0 0 0/0 23:44 0:18 0:00
Michael Haley 0 0 0 -1 0 0 0 0 0 0 0/0 9:05 0:00 0:00
Michael Nylander 2 1 3 0 0 5 0 1 0 0 19/28 19:29 0:18 0:00
Nate Prosser 0 0 0 -1 0 0 0 0 0 0 0/0 18:35 0:00 0:00
Noah Welch 0 1 1 0 0 1 6 4 1 0 0/0 23:07 0:00 0:00
P.J. Axelsson 0 0 0 -1 0 1 0 0 0 0 0/0 13:21 0:00 0:00
Rhett Warrener 0 0 0 0 0 0 0 0 0 0 0/0 18:33 0:18 0:00
Sean Zimmerman 0 0 0 0 2 1 1 0 0 1 0/0 17:46 0:00 0:00
3 Stars
1 - Andrew Gordon (Nyc)
2 - David Perron (Cal)
3 - Michael Nylander (Cal)
Power Play
Patriotes - 0 on 0 Attempt(s) - 0,00%
Princes - 2 on 2 Attempt(s) - 100,00%
Penalty Kill
Patriotes - 0 on 2 Attempt(s) - 0,00%
- Score 0 goal in Penalty Kill
Princes - 0 on 0 Attempt(s) - 0,00%
- Score 0 goal in Penalty Kill
Official
Referees : Walsh Ian and Devorski Paul
Linesman : Greg Devorski and Derek Amell
Game Notes
Brian McGrattan beats up Ben Guite at 18:07 of 1st period
Leland Irving enters game at 16:00 of 2nd period
16:21 of 2nd period - Patriotes goal is going for a video replay. After video review, No Goal. The puck has been directed, batted or thrown into the net by an attacking player other than with a stick.
Patriotes
5 vs 5 Forward
Center Left Wing Right Wing Time % Phy DF OF
1 Mathieu Perreault D.J King Ben Guite 40 1 2 2
2 Mario Bliznak Fedor Fedorov Andrew Gordon 30 1 2 2
3 Ben Guite T.J Galiardi Andreas Nodl 20 1 2 2
4 D.J King Andrew Gordon Lauri Tukonen 10 1 2 2
5 vs 5 Defense
Defense Defense Time % Phy DF OF
1 Jay Harrison Aaron Ward 40 1 2 2
2 Andrei Zyuzin A.J Thelen 30 1 2 2
3 Brett Skinner Matt Niskanen 20 1 2 2
4 Davis Drewiske Joe Charlebois 10 1 2 2
PowerPlay Forward
Center Left Wing Right Wing Time % Phy DF OF
1 Mathieu Perreault D.J King Ben Guite 60 1 2 2
2 Mario Bliznak Fedor Fedorov Andrew Gordon 40 1 2 2
PowerPlay Defense
Defense Defense Time % Phy DF OF
1 Jay Harrison Aaron Ward 60 1 2 2
2 Andrei Zyuzin A.J Thelen 40 1 2 2
Penalty Kill 4 Players Forward
Center Wing Time % Phy DF OF
1 Ben Guite D.J King 60 1 2 2
2 Andrew Gordon Andreas Nodl 40 1 2 2
Penalty Kill 4 Players Defense
Defense Defense Time % Phy DF OF
1 Jay Harrison Aaron Ward 60 1 2 2
2 Andrei Zyuzin A.J Thelen 40 1 2 2
Penalty Kill - 3 Players Forward
Forward Time % Phy DF OF
1 Ben Guite 60 1 2 2
2 D.J King 40 1 2 2
Penalty Kill - 3 Players Defense
Defense Defense Time % Phy DF OF
1 Jay Harrison Aaron Ward 60 1 2 2
2 Andrei Zyuzin A.J Thelen 40 1 2 2
4 vs 4 Forward
Center Wing Time % Phy DF OF
1 Ben Guite D.J King 60 1 2 2
2 Andrew Gordon Andreas Nodl 40 1 2 2
4 vs 4 Defense
Defense Defense Time % Phy DF OF
1 Jay Harrison Aaron Ward 60 1 2 2
2 Andrei Zyuzin A.J Thelen 40 1 2 2
Last Minutes Offensive
Center Left Wing Right Wing Defense Defense
Mathieu Perreault D.J King Ben Guite Jay Harrison Aaron Ward
Last Minutes Defensive
Center Left Wing Right Wing Defense Defense
Mathieu Perreault D.J King Ben Guite Jay Harrison Aaron Ward
Goaltenders
Starting : Joey MacDonald
Backup : Leland Irving
Extra Forwards
Normal : T.J Galiardi, Lauri Tukonen, Fedor Fedorov - PP : T.J Galiardi, Lauri Tukonen - PK : Fedor Fedorov
Extra Defensemen
Normal : Brett Skinner, Matt Niskanen, Davis Drewiske - PP : Brett Skinner - PK : Matt Niskanen, Davis Drewiske
Penalty Shots
Ben Guite, D.J King, Andrew Gordon, Andreas Nodl, Fedor Fedorov
Princes
5 vs 5 Forward
Center Left Wing Right Wing Time % Phy DF OF
1 Jesse Winchester Curtis Glencross Chris Thorburn 40 1 1 3
2 Michael Nylander David Perron Brian McGrattan 40 1 1 3
3 David Desharnais Alexander Korolyuk P.J. Axelsson 15 1 2 2
4 John Madden Michael Haley Anthony Peluso 5 1 2 2
5 vs 5 Defense
Defense Defense Time % Phy DF OF
1 Noah Welch Kevin Shattenkirk 40 0 3 2
2 Sean Zimmerman Rhett Warrener 30 0 3 2
3 Nate Prosser Jason Strudwick 20 0 3 2
4 Nate Prosser Jason Strudwick 10 0 3 2
PowerPlay Forward
Center Left Wing Right Wing Time % Phy DF OF
1 Michael Nylander David Perron Brian McGrattan 60 0 1 4
2 Jesse Winchester Alexander Korolyuk Chris Thorburn 40 0 1 4
PowerPlay Defense
Defense Defense Time % Phy DF OF
1 Kevin Shattenkirk Rhett Warrener 60 0 2 3
2 Sean Zimmerman Nate Prosser 40 0 2 3
Penalty Kill 4 Players Forward
Center Wing Time % Phy DF OF
1 Michael Nylander P.J. Axelsson 60 1 3 1
2 John Madden Curtis Glencross 40 1 3 1
Penalty Kill 4 Players Defense
Defense Defense Time % Phy DF OF
1 Noah Welch Sean Zimmerman 60 0 4 1
2 Rhett Warrener Jason Strudwick 40 0 4 1
Penalty Kill - 3 Players Forward
Forward Time % Phy DF OF
1 Michael Nylander 60 1 2 2
2 John Madden 40 1 2 2
Penalty Kill - 3 Players Defense
Defense Defense Time % Phy DF OF
1 Noah Welch Sean Zimmerman 60 1 4 0
2 Rhett Warrener Jason Strudwick 40 1 4 0
4 vs 4 Forward
Center Wing Time % Phy DF OF
1 Michael Nylander David Perron 60 1 2 2
2 Curtis Glencross Brian McGrattan 40 1 2 2
4 vs 4 Defense
Defense Defense Time % Phy DF OF
1 Sean Zimmerman Rhett Warrener 60 1 2 2
2 Noah Welch Nate Prosser 40 1 2 2
Last Minutes Offensive
Center Left Wing Right Wing Defense Defense
Michael Nylander David Perron Brian McGrattan Sean Zimmerman Kevin Shattenkirk
Last Minutes Defensive
Center Left Wing Right Wing Defense Defense
Michael Nylander P.J. Axelsson Brian McGrattan Jason Strudwick Sean Zimmerman
Goaltenders
Starting : Manny Legace
Backup : Jeff Deslauriers
Extra Forwards
Normal : David Perron, Brian McGrattan, Curtis Glencross - PP : John Madden, P.J. Axelsson - PK : Brian McGrattan
Extra Defensemen
Normal : Nate Prosser, Kevin Shattenkirk, Sean Zimmerman - PP : Noah Welch - PK : Rhett Warrener, Kevin Shattenkirk
Penalty Shots
Michael Nylander, David Perron, Curtis Glencross, Alexander Korolyuk, Brian McGrattan
% Time on Ice - Patriotes
Lines # - Real PCT - Wanted PCT - Time Play
Normal Forward
1 - 30% - 40% - 16:46
2 - 35% - 30% - 19:39
3 - 26% - 20% - 14:53
4 - 9% - 10% - 5:15
Normal Defense
1 - 38% - 40% - 21:30
2 - 28% - 30% - 16:01
3 - 21% - 20% - 11:53
4 - 13% - 10% - 7:09
PP Forward
1 - 0% - 60%
2 - 0% - 40%
PP Defense
1 - 0% - 60%
2 - 0% - 40%
PK Forward
1 - 100% - 60% - 0:18
2 - 0% - 40% - 0:00
PK Defense
1 - 100% - 60% - 0:18
2 - 0% - 40% - 0:00
PK3 Forward
1 - 0% - 60%
2 - 0% - 40%
PK3 Defense
1 - 0% - 60%
2 - 0% - 40%
44 Forward
1 - 100% - 60% - 1:59
2 - 0% - 40% - 0:00
44 Defense
1 - 64% - 60% - 1:16
2 - 36% - 40% - 0:43
Last Minute Offensive - 1:10
Last Minute Defensive - 0:00
Total
Forward - 60:00
Defense - 60:00
|
% Time on Ice - Princes
Lines # - Real PCT - Wanted PCT - Time Play
Normal Forward
1 - 31% - 40% - 17:32
2 - 31% - 40% - 17:45
3 - 21% - 15% - 12:06
4 - 16% - 5% - 9:05
Normal Defense
1 - 40% - 40% - 22:39
2 - 30% - 30% - 16:44
3 - 20% - 20% - 11:12
4 - 10% - 10% - 5:53
PP Forward
1 - 100% - 60% - 0:18
2 - 0% - 40% - 0:00
PP Defense
1 - 100% - 60% - 0:18
2 - 0% - 40% - 0:00
PK Forward
1 - 0% - 60%
2 - 0% - 40%
PK Defense
1 - 0% - 60%
2 - 0% - 40%
PK3 Forward
1 - 0% - 60%
2 - 0% - 40%
PK3 Defense
1 - 0% - 60%
2 - 0% - 40%
44 Forward
1 - 79% - 60% - 1:34
2 - 21% - 40% - 0:25
44 Defense
1 - 71% - 60% - 1:25
2 - 29% - 40% - 0:34
Last Minute Offensive - 0:00
Last Minute Defensive - 1:15
Total
Forward - 60:00
Defense - 60:00
|
Play by Play
1st period
0:01 of 1st period - Chris Thorburn wins face-off versus Mathieu Perreault in neutral zone.
0:08 of 1st period - Snap shot by Jesse Winchester.
0:08 of 1st period - Shot Blocked by Ben Guite.
0:59 of 1st period - Wrist shot by Fedor Fedorov.
0:59 of 1st period - Stopped by Manny Legace with a rebound.
2:31 of 1st period - Joe Charlebois is hit by Noah Welch and loses puck.
3:15 of 1st period - Wrist shot by Kevin Shattenkirk.
3:15 of 1st period - Stopped by Joey MacDonald without a rebound.
3:16 of 1st period - D.J King wins face-off versus Anthony Peluso in Patriotes zone.
3:25 of 1st period - Slapshot by Andrew Gordon.
3:25 of 1st period - Stopped by Manny Legace with a rebound.
3:27 of 1st period - Slapshot by D.J King.
3:27 of 1st period - Deflect By Jason Strudwick.
3:27 of 1st period - Shot Misses the Net.
3:27 of 1st period - Puck is out of play.
3:28 of 1st period - Jesse Winchester wins face-off versus Mario Bliznak in Princes zone.
3:50 of 1st period - Icing by Kevin Shattenkirk.
3:51 of 1st period - D.J King wins face-off versus Michael Nylander in Princes zone.
4:48 of 1st period - D.J King is hit by Sean Zimmerman and loses puck.
5:29 of 1st period - Wrist shot by Andreas Nodl.
5:29 of 1st period - Shot Misses the Net.
5:43 of 1st period - Slapshot by Alexander Korolyuk.
5:43 of 1st period - Shot Blocked by Aaron Ward.
5:45 of 1st period - Slapshot by Sean Zimmerman.
5:45 of 1st period - Shot Blocked by Aaron Ward.
5:47 of 1st period - Wrist shot by David Desharnais.
5:47 of 1st period - Stopped by Joey MacDonald without a rebound.
5:48 of 1st period - Michael Nylander wins face-off versus Mario Bliznak in Patriotes zone.
5:49 of 1st period - Wrist shot by David Perron.
5:49 of 1st period - Stopped by Joey MacDonald with a rebound.
6:04 of 1st period - Off-side.
6:05 of 1st period - Ben Guite wins face-off versus Jesse Winchester in neutral zone.
6:25 of 1st period - Chris Thorburn is hit by T.J Galiardi.
6:58 of 1st period - Snap shot by Ben Guite.
6:58 of 1st period - Stopped by Manny Legace without a rebound.
6:59 of 1st period - Michael Nylander wins face-off versus Mario Bliznak in Princes zone.
7:08 of 1st period - Wrist shot by Andrew Gordon.
7:08 of 1st period - Deflect By Kevin Shattenkirk.
7:08 of 1st period - Shot Misses the Net.
7:08 of 1st period - Puck is out of play.
7:09 of 1st period - Michael Nylander wins face-off versus Mario Bliznak in Princes zone.
7:20 of 1st period - Jay Harrison is hit by Noah Welch.
7:24 of 1st period - Slapshot by David Perron.
7:24 of 1st period - Shot Blocked by Fedor Fedorov.
7:30 of 1st period - David Perron is hit by Andrew Gordon and loses puck.
7:35 of 1st period - Slapshot by Matt Niskanen.
7:35 of 1st period - Shot Blocked by Noah Welch.
7:39 of 1st period - Snap shot by Andrew Gordon.
7:39 of 1st period - Goal by Andrew Gordon - Patriotes : 1 - Princes : 0.
7:40 of 1st period - Michael Nylander wins face-off versus Mathieu Perreault in neutral zone.
7:45 of 1st period - Aaron Ward is hit by David Perron and loses puck.
8:30 of 1st period - Slapshot by T.J Galiardi.
8:30 of 1st period - Stopped by Manny Legace without a rebound.
8:31 of 1st period - Michael Nylander wins face-off versus Ben Guite in Princes zone.
8:33 of 1st period - Icing by Brian McGrattan.
8:34 of 1st period - Michael Nylander wins face-off versus Mathieu Perreault in Princes zone.
8:47 of 1st period - Wrist shot by David Perron.
8:47 of 1st period - Goal by David Perron - Patriotes : 1 - Princes : 1.
8:48 of 1st period - Jesse Winchester wins face-off versus Mathieu Perreault in neutral zone.
9:04 of 1st period - Snap shot by Ben Guite.
9:04 of 1st period - Shot Blocked by Kevin Shattenkirk.
9:14 of 1st period - Michael Nylander is hit by Mario Bliznak and loses puck.
9:37 of 1st period - Snap shot by P.J. Axelsson.
9:37 of 1st period - Stopped by Joey MacDonald with a rebound.
9:39 of 1st period - Wrist shot by P.J. Axelsson.
9:39 of 1st period - Deflect By Alexander Korolyuk.
9:39 of 1st period - Stopped by Joey MacDonald with a rebound.
10:18 of 1st period - Wrist shot by Curtis Glencross.
10:18 of 1st period - Stopped by Joey MacDonald with a rebound.
10:23 of 1st period - Icing by Aaron Ward.
10:24 of 1st period - Michael Nylander wins face-off versus Mario Bliznak in Patriotes zone.
10:53 of 1st period - Snap shot by Chris Thorburn.
10:53 of 1st period - Shot Blocked by Ben Guite.
10:55 of 1st period - Wrist shot by Curtis Glencross.
10:55 of 1st period - Shot Misses the Net.
10:57 of 1st period - Slapshot by Sean Zimmerman.
10:57 of 1st period - Stopped by Joey MacDonald with a rebound.
10:59 of 1st period - Slapshot by Sean Zimmerman.
10:59 of 1st period - Shot Misses the Net.
11:23 of 1st period - Off-side.
11:24 of 1st period - John Madden wins face-off versus Mario Bliznak in neutral zone.
11:54 of 1st period - Slapshot by David Perron.
11:54 of 1st period - Stopped by Joey MacDonald with a rebound.
11:56 of 1st period - Slapshot by Noah Welch.
11:56 of 1st period - Stopped by Joey MacDonald without a rebound.
11:57 of 1st period - Michael Nylander wins face-off versus Mathieu Perreault in Patriotes zone.
12:04 of 1st period - Snap shot by David Perron.
12:04 of 1st period - Stopped by Joey MacDonald with a rebound.
12:49 of 1st period - Ben Guite is hit by Alexander Korolyuk and loses puck.
14:39 of 1st period - Snap shot by Alexander Korolyuk.
14:39 of 1st period - Deflect By David Desharnais.
14:39 of 1st period - Shot Misses the Net.
14:39 of 1st period - Puck is out of play.
14:40 of 1st period - Jesse Winchester wins face-off versus Lauri Tukonen in Patriotes zone.
15:50 of 1st period - Brian McGrattan is hit by D.J King.
17:38 of 1st period - Aaron Ward is hit by Anthony Peluso and loses puck.
17:40 of 1st period - Minor Penalty to Andrew Gordon for Interference.
17:41 of 1st period - David Perron wins face-off versus Ben Guite in Patriotes zone.
17:50 of 1st period - Backhand shot by David Perron.
17:50 of 1st period - Shot Blocked by Aaron Ward.
17:52 of 1st period - Wrist shot by Michael Nylander.
17:52 of 1st period - Goal by Michael Nylander - Patriotes : 1 - Princes : 2.
17:53 of 1st period - Chris Thorburn wins face-off versus Mathieu Perreault in neutral zone.
18:06 of 1st period - Slapshot by Chris Thorburn.
18:06 of 1st period - Goal by Chris Thorburn - Patriotes : 1 - Princes : 3.
18:07 of 1st period - Michael Nylander wins face-off versus Mathieu Perreault in neutral zone.
18:07 of 1st period - Brian McGrattan beats up Ben Guite.
18:07 of 1st period - Penalty to Brian McGrattan for Fighting.
18:07 of 1st period - Penalty to Ben Guite for Fighting.
18:08 of 1st period - Michael Nylander wins face-off versus Mathieu Perreault in neutral zone.
18:33 of 1st period - David Desharnais is hit by Mario Bliznak and loses puck.
18:46 of 1st period - Slapshot by Aaron Ward.
18:46 of 1st period - Shot Hit the Post.
19:06 of 1st period - Snap shot by Chris Thorburn.
19:06 of 1st period - Stopped by Joey MacDonald without a rebound.
19:07 of 1st period - Michael Nylander wins face-off versus Mathieu Perreault in Patriotes zone.
19:10 of 1st period - Snap shot by David Perron.
19:10 of 1st period - Stopped by Joey MacDonald with a rebound.
19:42 of 1st period - Off-side.
19:43 of 1st period - Curtis Glencross wins face-off versus Mathieu Perreault in neutral zone.
19:56 of 1st period - Snap shot by David Perron.
19:56 of 1st period - Deflect By Michael Nylander.
19:56 of 1st period - Stopped by Joey MacDonald with a rebound.
2nd period
0:01 of 2nd period - Mathieu Perreault wins face-off versus Curtis Glencross in neutral zone.
0:26 of 2nd period - Jay Harrison is hit by Noah Welch and loses puck.
2:11 of 2nd period - Andreas Nodl is hit by David Perron and loses puck.
2:26 of 2nd period - Slapshot by Kevin Shattenkirk.
2:26 of 2nd period - Deflect By John Madden.
2:26 of 2nd period - Stopped by Joey MacDonald without a rebound.
2:27 of 2nd period - John Madden wins face-off versus Mario Bliznak in Patriotes zone.
2:52 of 2nd period - Andrei Zyuzin is hit by Anthony Peluso and loses puck.
3:13 of 2nd period - Wrist shot by Michael Nylander.
3:13 of 2nd period - Stopped by Joey MacDonald with a rebound.
3:57 of 2nd period - Lauri Tukonen is hit by Noah Welch.
4:43 of 2nd period - A.J Thelen is hit by Brian McGrattan and loses puck.
5:14 of 2nd period - Icing by Sean Zimmerman.
5:15 of 2nd period - David Desharnais wins face-off versus Mathieu Perreault in Princes zone.
5:42 of 2nd period - David Perron is hit by D.J King and loses puck.
7:49 of 2nd period - Off-side.
7:50 of 2nd period - Mathieu Perreault wins face-off versus John Madden in neutral zone.
8:23 of 2nd period - Snap shot by Curtis Glencross.
8:23 of 2nd period - Shot Misses the Net.
8:59 of 2nd period - Wrist shot by John Madden.
8:59 of 2nd period - Shot Hit the Post.
9:01 of 2nd period - Slapshot by David Perron.
9:01 of 2nd period - Stopped by Joey MacDonald with a rebound.
9:03 of 2nd period - Slapshot by Rhett Warrener.
9:03 of 2nd period - Deflect By Michael Nylander.
9:03 of 2nd period - Shot Blocked by A.J Thelen.
9:03 of 2nd period - Puck is out of play.
9:04 of 2nd period - Michael Nylander wins face-off versus D.J King in Patriotes zone.
9:13 of 2nd period - Snap shot by Michael Nylander.
9:13 of 2nd period - Stopped by Joey MacDonald with a rebound.
9:15 of 2nd period - Snap shot by David Perron.
9:15 of 2nd period - Goal by David Perron - Patriotes : 1 - Princes : 4.
9:16 of 2nd period - Jesse Winchester wins face-off versus Mathieu Perreault in neutral zone.
9:19 of 2nd period - Backhand shot by Kevin Shattenkirk.
9:19 of 2nd period - Shot Misses the Net.
10:03 of 2nd period - Wrist shot by Alexander Korolyuk.
10:03 of 2nd period - Stopped by Joey MacDonald with a rebound.
10:17 of 2nd period - Wrist shot by D.J King.
10:17 of 2nd period - Goal by D.J King - Patriotes : 2 - Princes : 4.
10:18 of 2nd period - Mathieu Perreault wins face-off versus Jesse Winchester in neutral zone.
11:47 of 2nd period - Minor Penalty to Sean Zimmerman for Hooking.
11:47 of 2nd period - Minor Penalty to Ben Guite for Hooking.
11:48 of 2nd period - T.J Galiardi wins face-off versus Michael Nylander in neutral zone.
12:51 of 2nd period - Icing by Rhett Warrener.
12:52 of 2nd period - Michael Nylander wins face-off versus Mario Bliznak in Princes zone.
13:36 of 2nd period - Kevin Shattenkirk is hit by T.J Galiardi.
13:47 of 2nd period - Penalty to Sean Zimmerman is over, Sean Zimmerman is back on ice.
13:47 of 2nd period - Penalty to Ben Guite is over, Ben Guite is back on ice.
13:52 of 2nd period - Snap shot by Fedor Fedorov.
13:52 of 2nd period - Stopped by Manny Legace without a rebound.
13:53 of 2nd period - Jesse Winchester wins face-off versus Mario Bliznak in Princes zone.
14:18 of 2nd period - Jason Strudwick is hit by Mathieu Perreault.
14:22 of 2nd period - Wrist shot by D.J King.
14:22 of 2nd period - Stopped by Manny Legace with a rebound.
14:52 of 2nd period - Lauri Tukonen is hit by Anthony Peluso and loses puck.
15:04 of 2nd period - Icing by Jason Strudwick.
15:05 of 2nd period - Mario Bliznak wins face-off versus John Madden in Princes zone.
15:14 of 2nd period - Wrist shot by Andreas Nodl.
15:14 of 2nd period - Stopped by Manny Legace without a rebound.
15:15 of 2nd period - Jesse Winchester wins face-off versus Ben Guite in Princes zone.
15:35 of 2nd period - Wrist shot by Andreas Nodl.
15:35 of 2nd period - Shot Blocked by Kevin Shattenkirk.
15:37 of 2nd period - Wrist shot by Ben Guite.
15:37 of 2nd period - Shot Misses the Net.
15:39 of 2nd period - Slapshot by A.J Thelen.
15:39 of 2nd period - Shot Blocked by Noah Welch.
15:41 of 2nd period - Wrist shot by A.J Thelen.
15:41 of 2nd period - Deflect By Andreas Nodl.
15:41 of 2nd period - Stopped by Manny Legace with a rebound.
15:43 of 2nd period - Snap shot by Ben Guite.
15:43 of 2nd period - Stopped by Manny Legace without a rebound.
15:44 of 2nd period - Mario Bliznak wins face-off versus Michael Nylander in Princes zone.
15:45 of 2nd period - Snap shot by Andrew Gordon.
15:45 of 2nd period - Deflect By Mario Bliznak.
15:45 of 2nd period - Goal by Mario Bliznak - Patriotes : 3 - Princes : 4.
15:46 of 2nd period - Jesse Winchester wins face-off versus Mathieu Perreault in neutral zone.
16:00 of 2nd period - Wrist shot by Curtis Glencross.
16:00 of 2nd period - Goal by Curtis Glencross - Patriotes : 3 - Princes : 5.
16:00 of 2nd period - Leland Irving enters game.
16:01 of 2nd period - Michael Nylander wins face-off versus Mathieu Perreault in neutral zone.
16:07 of 2nd period - Minor Penalty to Mathieu Perreault for Interference.
16:08 of 2nd period - Michael Nylander wins face-off versus Ben Guite in Patriotes zone.
16:11 of 2nd period - Wrist shot by Brian McGrattan.
16:11 of 2nd period - Shot Blocked by Aaron Ward.
16:13 of 2nd period - Wrist shot by Michael Nylander.
16:13 of 2nd period - Goal by Michael Nylander - Patriotes : 3 - Princes : 6.
16:14 of 2nd period - Mathieu Perreault wins face-off versus Michael Nylander in neutral zone.
16:17 of 2nd period - Slapshot by Jay Harrison.
16:17 of 2nd period - Shot Misses the Net.
16:19 of 2nd period - Slapshot by Jay Harrison.
16:19 of 2nd period - Shot Blocked by Noah Welch.
16:21 of 2nd period - Wrist shot by Ben Guite.
16:21 of 2nd period - Patriotes goal is going for a video replay.
16:21 of 2nd period - The goal is refused. The puck has been directed, batted or thrown into the net by an attacking player other than with a stick..
16:22 of 2nd period - Mathieu Perreault wins face-off versus Michael Nylander in Princes zone.
16:37 of 2nd period - Snap shot by Ben Guite.
16:37 of 2nd period - Stopped by Manny Legace with a rebound.
16:49 of 2nd period - Jay Harrison is hit by Jesse Winchester and loses puck.
16:55 of 2nd period - Icing by Aaron Ward.
16:56 of 2nd period - Jesse Winchester wins face-off versus Mario Bliznak in Patriotes zone.
17:11 of 2nd period - Wrist shot by Aaron Ward.
17:11 of 2nd period - Deflect By Sean Zimmerman.
17:11 of 2nd period - Stopped by Manny Legace with a rebound.
17:13 of 2nd period - Snap shot by Aaron Ward.
17:13 of 2nd period - Shot Misses the Net.
17:15 of 2nd period - Snap shot by Mario Bliznak.
17:15 of 2nd period - Shot Misses the Net.
17:38 of 2nd period - Wrist shot by Andrew Gordon.
17:38 of 2nd period - Stopped by Manny Legace with a rebound.
17:46 of 2nd period - Wrist shot by Andrew Gordon.
17:46 of 2nd period - Stopped by Manny Legace without a rebound.
17:47 of 2nd period - Mathieu Perreault wins face-off versus Michael Nylander in Princes zone.
17:48 of 2nd period - Slapshot by Andrei Zyuzin.
17:48 of 2nd period - Shot Misses the Net.
17:56 of 2nd period - Snap shot by Andrei Zyuzin.
17:56 of 2nd period - Shot Blocked by Noah Welch.
17:58 of 2nd period - Snap shot by Mathieu Perreault.
17:58 of 2nd period - Stopped by Manny Legace with a rebound.
18:00 of 2nd period - Slapshot by A.J Thelen.
18:00 of 2nd period - Shot Blocked by Michael Nylander.
18:02 of 2nd period - Slapshot by Andrei Zyuzin.
18:02 of 2nd period - Shot Hit the Post.
18:12 of 2nd period - Alexander Korolyuk is hit by Andrei Zyuzin and loses puck.
18:27 of 2nd period - Snap shot by Kevin Shattenkirk.
18:27 of 2nd period - Deflect By Matt Niskanen.
18:27 of 2nd period - Stopped by Leland Irving without a rebound.
18:28 of 2nd period - John Madden wins face-off versus D.J King in Patriotes zone.
19:43 of 2nd period - Lauri Tukonen is hit by Noah Welch and loses puck.
3rd period
0:01 of 3rd period - Michael Nylander wins face-off versus Mathieu Perreault in neutral zone.
0:16 of 3rd period - Wrist shot by D.J King.
0:16 of 3rd period - Shot Misses the Net.
1:13 of 3rd period - Snap shot by A.J Thelen.
1:13 of 3rd period - Stopped by Manny Legace without a rebound.
1:14 of 3rd period - Michael Nylander wins face-off versus D.J King in Princes zone.
1:41 of 3rd period - Snap shot by Curtis Glencross.
1:41 of 3rd period - Stopped by Leland Irving with a rebound.
1:43 of 3rd period - Slapshot by Jason Strudwick.
1:43 of 3rd period - Deflect By Curtis Glencross.
1:43 of 3rd period - Stopped by Leland Irving with a rebound.
2:07 of 3rd period - Aaron Ward is hit by Alexander Korolyuk and loses puck.
2:37 of 3rd period - Wrist shot by David Perron.
2:37 of 3rd period - Stopped by Leland Irving with a rebound.
3:01 of 3rd period - Snap shot by Chris Thorburn.
3:01 of 3rd period - Stopped by Leland Irving with a rebound.
3:23 of 3rd period - Snap shot by David Perron.
3:23 of 3rd period - Shot Misses the Net.
3:25 of 3rd period - Wrist shot by David Perron.
3:25 of 3rd period - Shot Misses the Net.
4:13 of 3rd period - Wrist shot by Michael Nylander.
4:13 of 3rd period - Shot Misses the Net.
5:22 of 3rd period - Lauri Tukonen is hit by Chris Thorburn and loses puck.
6:14 of 3rd period - Mathieu Perreault is hit by Chris Thorburn and loses puck.
6:31 of 3rd period - Off-side.
6:32 of 3rd period - David Desharnais wins face-off versus Mario Bliznak in neutral zone.
6:32 of 3rd period - Alexander Korolyuk is hit by Andrew Gordon and loses puck.
6:57 of 3rd period - Icing by T.J Galiardi.
6:58 of 3rd period - Mario Bliznak wins face-off versus Jesse Winchester in Patriotes zone.
7:23 of 3rd period - Snap shot by Andreas Nodl.
7:23 of 3rd period - Shot Misses the Net.
7:27 of 3rd period - Wrist shot by Lauri Tukonen.
7:27 of 3rd period - Shot Misses the Net.
7:47 of 3rd period - Ben Guite is hit by Alexander Korolyuk and loses puck.
8:00 of 3rd period - John Madden is hit by Aaron Ward and loses puck.
8:34 of 3rd period - Icing by Rhett Warrener.
8:35 of 3rd period - Michael Nylander wins face-off versus Lauri Tukonen in Princes zone.
9:51 of 3rd period - Michael Haley is hit by Mario Bliznak and loses puck.
10:06 of 3rd period - Wrist shot by Curtis Glencross.
10:06 of 3rd period - Stopped by Leland Irving with a rebound.
11:42 of 3rd period - Wrist shot by P.J. Axelsson.
11:42 of 3rd period - Deflect By Alexander Korolyuk.
11:42 of 3rd period - Shot Blocked by Brett Skinner.
11:42 of 3rd period - Puck is out of play.
11:43 of 3rd period - Chris Thorburn wins face-off versus Mario Bliznak in Patriotes zone.
11:52 of 3rd period - Snap shot by Kevin Shattenkirk.
11:52 of 3rd period - Stopped by Leland Irving with a rebound.
11:55 of 3rd period - Icing by Aaron Ward.
11:56 of 3rd period - Mario Bliznak wins face-off versus Michael Nylander in Patriotes zone.
12:07 of 3rd period - Snap shot by David Perron.
12:07 of 3rd period - Shot Blocked by D.J King.
12:11 of 3rd period - Snap shot by David Perron.
12:11 of 3rd period - Stopped by Leland Irving without a rebound.
12:12 of 3rd period - Mathieu Perreault wins face-off versus Chris Thorburn in Patriotes zone.
12:12 of 3rd period - Mathieu Perreault is hit by Noah Welch.
12:22 of 3rd period - Wrist shot by Chris Thorburn.
12:22 of 3rd period - Stopped by Leland Irving with a rebound.
12:43 of 3rd period - Snap shot by Andrew Gordon.
12:43 of 3rd period - Goal by Andrew Gordon - Patriotes : 4 - Princes : 6.
12:44 of 3rd period - Michael Nylander wins face-off versus Mathieu Perreault in neutral zone.
12:51 of 3rd period - Aaron Ward is hit by Kevin Shattenkirk and loses puck.
13:10 of 3rd period - Chris Thorburn is hit by Andrew Gordon and loses puck.
13:31 of 3rd period - Snap shot by Andrei Zyuzin.
13:31 of 3rd period - Deflect By Andreas Nodl.
13:31 of 3rd period - Shot Misses the Net.
13:31 of 3rd period - Puck is out of play.
13:32 of 3rd period - T.J Galiardi wins face-off versus David Desharnais in Princes zone.
13:33 of 3rd period - Slapshot by Andreas Nodl.
13:33 of 3rd period - Goal by Andreas Nodl - Patriotes : 5 - Princes : 6.
13:34 of 3rd period - Mathieu Perreault wins face-off versus Michael Nylander in neutral zone.
14:14 of 3rd period - Backhand shot by Andrei Zyuzin.
14:14 of 3rd period - Stopped by Manny Legace with a rebound.
14:16 of 3rd period - Snap shot by A.J Thelen.
14:16 of 3rd period - Shot Misses the Net.
14:18 of 3rd period - Wrist shot by Mathieu Perreault.
14:18 of 3rd period - Stopped by Manny Legace with a rebound.
14:20 of 3rd period - Wrist shot by A.J Thelen.
14:20 of 3rd period - Shot Misses the Net.
14:22 of 3rd period - Snap shot by A.J Thelen.
14:22 of 3rd period - Shot Blocked by David Desharnais.
14:36 of 3rd period - Slapshot by Ben Guite.
14:36 of 3rd period - Shot Misses the Net.
14:38 of 3rd period - Slapshot by A.J Thelen.
14:38 of 3rd period - Deflect By Ben Guite.
14:38 of 3rd period - Stopped by Manny Legace without a rebound.
14:39 of 3rd period - Mario Bliznak wins face-off versus Michael Nylander in Princes zone.
14:46 of 3rd period - Snap shot by Aaron Ward.
14:46 of 3rd period - Stopped by Manny Legace with a rebound.
14:56 of 3rd period - Kevin Shattenkirk is hit by Mario Bliznak and loses puck.
16:38 of 3rd period - Slapshot by John Madden.
16:38 of 3rd period - Shot Misses the Net.
17:41 of 3rd period - Snap shot by Chris Thorburn.
17:41 of 3rd period - Stopped by Leland Irving with a rebound.
17:50 of 3rd period - Icing by Jesse Winchester.
17:51 of 3rd period - Mario Bliznak wins face-off versus David Perron in Princes zone.
18:39 of 3rd period - Jason Strudwick is hit by Ben Guite and loses puck.
19:00 of 3rd period - Wrist shot by Chris Thorburn.
19:00 of 3rd period - Shot Misses the Net.
19:02 of 3rd period - Wrist shot by P.J. Axelsson.
19:02 of 3rd period - Deflect By Chris Thorburn.
19:02 of 3rd period - Shot Misses the Net.
19:02 of 3rd period - Puck is out of play.
19:03 of 3rd period - Brent Sutter call a timeout for Patriotes.
19:03 of 3rd period - Chris Thorburn wins face-off versus Mathieu Perreault in Patriotes zone.
19:10 of 3rd period - Wrist shot by Curtis Glencross.
19:10 of 3rd period - Shot Misses the Net.
19:22 of 3rd period - Patriotes, Leland Irving is pulled from the net.
19:24 of 3rd period - Snap shot by D.J King.
19:24 of 3rd period - Deflect By Mathieu Perreault.
19:24 of 3rd period - Stopped by Manny Legace with a rebound.
19:26 of 3rd period - Wrist shot by Aaron Ward.
19:26 of 3rd period - Deflect By D.J King.
19:26 of 3rd period - Stopped by Manny Legace with a rebound.
19:28 of 3rd period - Snap shot by Mathieu Perreault.
19:28 of 3rd period - Shot Blocked by Jason Strudwick.
19:30 of 3rd period - Snap shot by Jay Harrison.
19:30 of 3rd period - Stopped by Manny Legace with a rebound.
19:32 of 3rd period - Snap shot by Mathieu Perreault.
19:32 of 3rd period - Stopped by Manny Legace with a rebound.
19:34 of 3rd period - Slapshot by Jay Harrison.
19:34 of 3rd period - Stopped by Manny Legace without a rebound.
19:35 of 3rd period - Mathieu Perreault wins face-off versus Curtis Glencross in Princes zone.
19:48 of 3rd period - Wrist shot by D.J King.
19:48 of 3rd period - Stopped by Manny Legace without a rebound.
19:49 of 3rd period - Curtis Glencross wins face-off versus Mathieu Perreault in Princes zone.
Output by the SimonT Hockey Simulator (STHS) for François Prévost -- Original Page W3C XHTML 1.0 Valid